 Dungeon Crawl Stone Soup version 0.28-a0-265-g048bc9fd10 (webtiles) character file.

Game seed: 1976088379774604574

97 SeanNever the Covered (level 4, -3/40 HPs)
             Began as a Minotaur Fighter on Aug 27, 2021.
             Was a Follower of Elyvilon.
             Slain by a hound (4 damage)
             ... on level 4 of the Dungeon.
             The game lasted 00:09:13 (1479 turns).

SeanNever the Covered (Minotaur Fighter)            Turns: 1479, Time: 00:09:14

Health: -3/40      AC:  7    Str: 21    XL:     4   Next: 42%
Magic:  0/3        EV:  8    Int:  5    God:    Elyvilon [*.....]
Gold:   70         SH:  8    Dex: 10    Spells: 3/3 levels left

rFire   . . .      SeeInvis .   a - +0 rapier
rCold   . . .      Faith    .   c - +0 kite shield
rNeg    . . .      Spirit   +   b - +0 scale mail
rPois   .          Reflect  .   (helmet restricted)
rElec   .          Harm     .   (no cloak)
rCorr   .          Rampage  .   (no gloves)
Will    .....                   (no boots)
Stlth   ..........              f - amulet of guardian spirit
HPRegen 0.13/turn               (no ring)
MPRegen 0.08/turn               (no ring)

@: no status effects
A: horns 2, retaliatory headbutt
a: Renounce Religion, Lesser Healing, Divine Protection


You were on level 4 of the Dungeon.
You worshipped Elyvilon.
Elyvilon was aware of your devotion.
You visited 1 branch of the dungeon, and saw 5 of its levels.

You collected 70 gold pieces.

Inventory:

Hand Weapons
 a - a +0 rapier (weapon)
Missiles
 j - 2 throwing nets (quivered)
Armour
 b - a +0 scale mail (worn)
 c - a +0 kite shield (worn)
 h - a +0 scale mail
Jewellery
 f - an amulet of guardian spirit (around neck)
Wands
 k - a wand of polymorph (5)
Scrolls
 e - a scroll of amnesia {unknown}
 g - a scroll of enchant armour {unknown}
 i - a scroll of fog {unknown}
Potions
 d - a potion of might


   Skills:
 + Level 4.2 Fighting
 + Level 2.7 Short Blades
 + Level 4.5 Armour
 + Level 2.0 Dodging
 + Level 4.2 Shields


You had 3 spell levels left.
You didn't know any spells.
Your spell library was empty.

Dungeon Overview and Level Annotations

Branches:
Dungeon (5/15)
 Temple: D:4-7

Altars:
Elyvilon
Uskayaw

Annotations:
D:5 Grinder


Innate Abilities, Weirdness & Mutations

You have a pair of horns on your head.
You reflexively headbutt those who attack you in melee.


Message History

You see here a wand of flame (17).
A hound comes into view.
The hound barks!
The iguana bites you!
You hit the iguana but do no damage. You block the iguana's attack.
The iguana bites you but does no damage.
You hit the iguana.
The iguana is moderately wounded.
The iguana bites you!
You hit the iguana but do no damage.
The iguana is moderately wounded.
You block the hound's attack. You block the iguana's attack.
You block the hound's attack.
You puncture the iguana!
The iguana is almost dead.
The hound bites you. The iguana bites you!
* * * LOW HITPOINT WARNING * * *
The hound bites you but does no damage. You block the iguana's attack.
Found a scroll labelled XESIAMI DOCU and 15 gold pieces.
The iguana bites you.
* * * LOW HITPOINT WARNING * * *
An orc comes into view. It is wielding a +0 mace.
The orc shouts!
Grinder comes into view.
The hound misses you.
Grinder shouts!
The hound barely misses you. You block the hound's attack.
Grinder gestures at you. You resist with significant effort.
The hound pauses to sniff the ground.
The hound bites you but does no damage.
There is an escape hatch in the ceiling here.
The hound completely misses you. The orc closely misses you.
A mysterious force pulls you upwards. The hatch slams shut behind you.
The hound bites you.
* * * LOW HITPOINT WARNING * * *
The hound barely misses you. You furiously retaliate!
You headbutt the hound. You block the hound's attack. The hound bites you.
You die...

#######
#######......
#######............
#.............#####
#.#####...>........
#.@h.o...####.#####
#..####.## #.# #..#
#.# #.##### #..#
#.# #...... #..#
#.# #.#.... #..#
#.# #......
#..####.# #......
#....##.# ##.....
#.##.##.# ##....


You could see a hound and an orc.

Vanquished Creatures
  2 orc wizards (D:3)
  An adder (D:3)
  A dart slug (D:2)
  3 orcs (D:3)
  3 bats
  3 endoplasms
  A giant cockroach (D:3)
  5 goblins
  4 hobgoblins (D:1)
  5 ball pythons
  3 kobolds (D:2)
  A quokka skeleton (D:4)
  2 rats (D:2)
34 creatures vanquished.

Notes
Turn   | Place    | Note
-------+----------+-------------------------------------------
     0 | D:1      | SeanNever the Minotaur Fighter began the quest for the Orb.
     0 | D:1      | Reached XP level 1. HP: 19/19 MP: 0/0
   173 | D:1      | Reached XP level 2. HP: 25/27 MP: 1/1
   443 | D:2      | Found a faded altar of an unknown god.
   452 | D:2      | Reached XP level 3. HP: 27/33 MP: 2/2
   495 | D:2      | Became a worshipper of Elyvilon the Healer
   495 | D:2      | Reached * piety under Elyvilon
   633 | D:3      | Found a hide-covered altar of Uskayaw.
   729 | D:3      | Reached skill level 1 in Dodging
   729 | D:3      | Reached XP level 4. HP: 23/40 MP: 3/3
  1449 | D:5      | Entered Level 5 of the Dungeon
  1467 | D:5      | HP: 2/40 [iguana (5)]
  1468 | D:5      | Noticed Grinder
  1475 | D:4      | HP: 1/40 [hound (2)]
  1479 | D:4      | Slain by a hound

Illustrated notes

Levels and vault maps discovered:
D:1:      matt_arrival_spirals, layout_loops_ring, amethyst_killhole
D:2:      layout_basic, shapermc_ecumenical_altar_notcrosses, minmay_octomino_e4
D:3:      layout_basic, amcnicky_altar_gilded, gup_sewer_entry_spiral
D:4:      layout_loops_ring, lemuel_coloured_pillars_altar,
          nicolae_yredelemnul_corpse_copse
D:5:      layout_gridville, gammafunk_temple_overflow_statue, uniq_grinder

Skill      XL: |  1  2  3  4 |
---------------+-------------+-----
Armour         | 4 |  4.5
Shields        | 4 |  4.2
Fighting       | 4 |  4.2
Dodging        | 1 2 |  2.0
Short Blades   | |  2.7

Action                   |  1- 3 |  4- 6 || total
-------------------------+-------+-------++-------
Melee: Rapier            |    57 |    26 ||    83
       Headbutt          |     7 |     1 ||     8
Armor: Scale mail        |    41 |    22 ||    63
Dodge: Dodged            |    22 |    16 ||    38
Block: Kite shield       |    45 |    30 ||    75

Table legend: (Time is in decaauts)
 A = Elapsed time spent in this place.
 B = Non-inter-level travel time spent in this place.
 C = Inter-level travel time spent in this place.
 D = Time resting spent in this place.
 E = Time spent auto-exploring this place.
 F = Levels seen in this place.
 G = Mean time per level.
                   A        B        C        D        E       F      G
               +--------+--------+--------+--------+--------+-----+--------+
         Total |   1513 |   1510 |      3 |      0 |      0 |   5 |  302.6 |
       Dungeon |   1513 |   1510 |      3 |      0 |      0 |   5 |  302.6 |
               +--------+--------+--------+--------+--------+-----+--------+

Top non-repeatable levels by time:
     D:3: 562 daAuts
     D:2: 469 daAuts
     D:1: 303 daAuts
     D:4: 151 daAuts
     D:5: 26 daAuts
